 Dungeon Crawl Stone Soup version 0.31-a0-1057-g70f3316b05 (webtiles) character file.

Game seed: 3601269257365812323

22352 nagnag the Severer (level 12, -13/111 HPs)
             Began as a Minotaur Fighter on Nov 20, 2023.
             Was an Initiate of Gozag.
             Mangled by an enormous slime creature (16 damage)
             ... on level 13 of the Dungeon.
             The game lasted 01:02:12 (10160 turns).

nagnag the Severer (Minotaur Fighter)              Turns: 10160, Time: 01:02:12

Health: -13/111    AC: 26    Str: 23    XL:     12   Next: 62%
Magic:  11/11      EV:  6    Int:  7    God:    Gozag
Gold:   2098       SH:  7    Dex: 11    Spells: 11/11 levels left

rFire   + . .        a - +0 war axe (drain)
rCold   + . .        c - +1 buckler
rNeg    . . .        r - +2 gold dragon scales of the Equator {Rampage *Corrode rElec rPois rF+ rC+ SInv}
rPois   +            S - +2 hat {Will+}
rElec   +            R - +0 cloak {Stlth+}
rCorr   .            U - +1 pair of gloves {hurl}
SInv    +            (no boots)
Will    +....        j - amulet of regeneration Stlth
                     z - +4 ring of protection
HPRegen 1.18/turn    l - ring of flight
MPRegen 0.12/turn

%: corrode self (3%), rampage
@: mighty, corroded, gold aura, flying, studying Unarmed Combat
A: horns 2, retaliatory headbutt
a: Renounce Religion, Potion Petition, Call Merchant, Bribe Branch


You were on level 13 of the Dungeon.
You worshipped Gozag.
Gozag was most pleased with you.
You visited 1 branch of the dungeon, and saw 13 of its levels.
You also visited: Sewer and Ossuary.

You collected 3285 gold pieces.
You spent 415 gold pieces at shops.
You paid 772 gold pieces to Gozag.

Inventory:

Hand Weapons
 a - a +0 war axe of draining (weapon)
 E - a +1 war axe of venom
 H - a +1 war axe of electrocution
Missiles
 e - 28 poisoned darts
 p - 5 boomerangs
 K - a curare-tipped dart
Armour
 b - the +2 chain mail "Pepne" {Str+6 Int-4 Dex-3}
   (You found it on level 3 of the Dungeon)

   Str+6:     It affects your strength (+6).
   Int-4:     It affects your intelligence (-4).
   Dex-3:     It affects your dexterity (-3).
 c - a +1 buckler (worn)
 r - the +2 gold dragon scales of the Equator (worn) {Rampage *Corrode rElec rPois rF+ rC+ SInv}
   (You found it on level 3 of the Dungeon)

   rF+:       It protects you from fire.
   rC+:       It protects you from cold.
   rElec:     It insulates you from electricity.
   rPois:     It protects you from poison SInv: It lets you see invisible.
   *Corrode:  It may corrode you when you take damage.
   Rampage:   It bestows one free step when moving towards enemies.
 C - a +4 chain mail
 R - a +0 cloak of stealth (worn)
 S - a +2 hat of willpower (worn)
 U - a +1 pair of gloves of hurling (worn)
Jewellery
 f - a ring of protection from fire
 j - an amulet of regeneration (around neck)
 l - a ring of flight (right hand)
 w - a ring of protection from cold
 y - a ring of wizardry
 z - a +4 ring of protection (left hand)
 J - a ring of poison resistance
 N - a +6 ring of dexterity
Wands
 B - a wand of acid (6)
 D - a wand of charming (25)
 F - a wand of flame (19)
 G - a wand of iceblast (8)
 P - a wand of digging (5)
Scrolls
 g - 4 scrolls of fear
 h - 3 scrolls of revelation
 i - 2 scrolls of fog
 m - 4 scrolls of blinking
 n - 2 scrolls of summoning
 o - 4 scrolls of poison
 q - 5 scrolls of teleportation
 s - a scroll of amnesia
 O - a scroll of noise
 Q - a scroll of identify
Potions
 d - a potion of invisibility
 k - 3 potions of mutation
 t - 2 potions of attraction
 u - a potion of might
 v - 3 potions of curing
 x - 3 potions of brilliance
 A - a potion of magic
 L - a potion of berserk rage
 M - a potion of enlightenment
 T - a potion of cancellation {unknown}


   Skills:
 * Level 11.6 Fighting
 * Level 16.2 Axes
 * Level 0.8 Throwing
 * Level 11.3 Armour
 * Level 7.7 Dodging
 * Level 1.1 Stealth
 * Level 9.3 Shields


You had 11 spell levels left.
You didn't know any spells.
Your spell library contained the following spells:

 Spells                   Type           Power      Damage    Failure   Level
 Magic Dart               Conj           0%         1d3       100%        1
 Shock                    Conj/Air       0%         1d3       100%        1
 Blink                    Tloc           0%         N/A       100%        2
 Call Imp                 Summ           0%         N/A       100%        2
 Cigotuvi's Dreadful Rot  Necr/Pois/Air  0%         N/A       100%        2
 Lesser Beckoning         Tloc           0%         N/A       100%        2
 Momentum Strike          Conj/Tloc      0%         3d8       100%        2
 Scorch                   Fire           0%         2d5       100%        2
 Searing Ray              Conj           0%         2d4       100%        2
 Call Canine Familiar     Summ           0%         N/A       100%        3
 Gell's Gravitas          Tloc           0%         N/A       100%        3
 Mephitic Cloud           Conj/Pois/Air  0%         N/A       100%        3
 Sigil of Binding         Hex            0%         N/A       100%        3
 Swiftness                Air            0%         N/A       100%        3
 Airstrike                Air            0%         2d(0-16)  100%        4
 Dimensional Bullseye     Hex/Tloc       0%         N/A       100%        4
 Flame Wave               Conj/Fire      0%         2d4       100%        4
 Fulminant Prism          Conj/Hex       0%         3d5       100%        4
 Leda's Liquefaction      Hex/Erth       0%         N/A       100%        4
 Passage of Golubria      Tloc           0%         N/A       100%        4
 Summon Ice Beast         Ice/Summ       0%         N/A       100%        4
 Iskenderun's Battlesphe  Conj           0%         2d6       100%        5
 Summon Forest            Summ/Tloc      0%         N/A       100%        5
 Summon Mana Viper        Hex/Summ       0%         N/A       100%        5
 Bombard                  Conj/Erth      0%         9d1       100%        6
 Eringya's Noxious Bog    Tmut/Pois      0%         4d6       100%        6
 Summon Cactus Giant      Summ           0%         N/A       100%        6
 Monstrous Menagerie      Summ           0%         N/A       100%        7
 Spellforged Servitor     Conj/Summ      0%         N/A       100%        7
 Summon Hydra             Summ           0%         N/A       100%        7
 Disjunction              Tloc           0%         N/A       100%        8
 Chain Lightning          Conj/Air       0%         N/A       100%        9
 Fire Storm               Conj/Fire      0%         5d1       100%        9
 Shatter                  Erth           0%         3d5*      100%        9


Dungeon Overview and Level Annotations

Branches:
Dungeon (13/15)            Temple (0/1) D:7            Lair (0/5) D:9
    Orc (0/2) D:12          Sewer (visited)         Ossuary (visited)
 Vaults: D:13-14

Altars:
Ashenzari
Elyvilon
Gozag
Qazlal
Sif Muna
Xom

Shops:
D:1 =   D:4 =   D:7 (   D:12 [

Annotations:
D:7 3 runed translucent doors, Jaike's ghost, novice DjCA


Innate Abilities, Weirdness & Mutations

You have a pair of horns on your head.
You reflexively headbutt those who attack you in melee.


Message History

You slash the enormous slime creature! You drain the enormous slime creature.
The enormous slime creature is moderately wounded.
You block the enormous slime creature's attack.
You hit the enormous slime creature. You drain the enormous slime creature.
The enormous slime creature is moderately wounded.
The enormous slime creature closely misses you.
You furiously retaliate!
You headbutt the enormous slime creature!
You slash the enormous slime creature! You drain the enormous slime creature.
The enormous slime creature is moderately wounded.
You slice the enormous slime creature!! You drain the enormous slime creature.
You headbutt the enormous slime creature.
The enormous slime creature is heavily wounded.
The enormous slime creature hits you!!
* * * LOW HITPOINT WARNING * * *
You hit the enormous slime creature but do no damage.
The enormous slime creature is heavily wounded.
The enormous slime creature barely misses you.
You furiously retaliate!
You headbutt the enormous slime creature!
You barely miss the enormous slime creature.
The enormous slime creature is heavily wounded.
You are no longer corroded.
The enormous slime creature hits you!
* * * LOW HITPOINT WARNING * * *
Your corrosive artefact corrodes you!
You feel better. The enormous slime creature hits you!!
* * * LOW HITPOINT WARNING * * *
You feel very mighty all of a sudden. The enormous slime creature hits you.
* * * LOW HITPOINT WARNING * * *
Unknown command.
You hit the enormous slime creature but do no damage.
The enormous slime creature is heavily wounded.
You slice the enormous slime creature!! You drain the enormous slime creature!
You headbutt the enormous slime creature!
The enormous slime creature is severely wounded.
The enormous slime creature hits you!
You die...
Your body crumbles into a pile of gold.

..# ..# #.# ...
##.## ... #..
##...## #...
###..# ##....)##
#... ......
#.......# #..
......##...^...###
#.##
#....^>^....###...
#@#...^...#.......
#J#.......###...##
+.##....:## #...##
#..##...## #.....
#....J....##.##
#.....
#.##...#####.#
#.#### ..... ##.##
#.#### #......
##...## #.....
...#### ##....:##
#.....


You could see an enormous slime creature (very drained).

Vanquished Creatures
  Gastronok (D:11)
  Snorg (D:11)
  Josephine (D:10)
  3 boulder beetles
  A two-headed ogre (D:11)
  Erica (D:10)
  An occultist (D:13)
  An arcanist (D:13)
  2 deep elf pyromancers
  2 cyclopes (D:12)
  Maurice (D:11)
  Joseph (D:9)
  A gargoyle (D:12)
  Maggie (D:8)
  An unseen horror (D:12)
  A rime drake (D:9)
  A kobold demonologist (D:8)
  A polar bear (D:9)
  3 trolls
  A hornet (D:7)
  A slime creature (D:13)
  A shadow (D:11)
  2 steam dragons (D:8)
  A wyvern (D:11)
  31 yaks
  2 basilisks
  4 wraiths (D:10)
  3 vampire mosquitoes (D:12)
  3 acid dragons
  A water moccasin (D:4)
  5 orc warriors
  4 ice beasts
  2 black bears (D:5)
  2 wolves (D:9)
  3 centaurs
  2 phantoms
  4 kobold brigands
  4 gnoll sergeants
  3 bullfrogs (D:8)
  4 scorpions
  8 wights
  7 howler monkeys
  4 centaur zombies (Ossuary)
  2 orc priests (D:6)
  5 hounds
  2 human zombies (Ossuary)
  3 iguanas
  2 jellies (D:4)
  2 sleepcaps
  8 orc wizards
  Terence (D:3)
  A hound zombie (Ossuary)
  3 mummies (Ossuary)
  23 gnolls
  10 adders
  A river rat (Sewer)
  A shadow imp (D:5)
  5 ufetubi
  4 adder zombies (Ossuary)
  2 worms
  10 dart slugs
  54 orcs
  5 ball pythons
  7 endoplasms
  3 giant cockroaches
  A gnoll zombie (Ossuary)
  7 goblins
  11 hobgoblins
  12 jackals
  3 quokkas
  7 bats
  8 frilled lizards
  4 goblin zombies (Ossuary)
  2 hobgoblin zombies (Ossuary)
  2 jackal zombies (Ossuary)
  24 kobolds
  6 kobold zombies (Ossuary)
  2 orc zombies (Ossuary)
  4 quokka zombies (Ossuary)
  9 rats
  4 rat zombies (Ossuary)
387 creatures vanquished.

Vanquished Creatures (others)
  A wyvern (D:10)
1 creature vanquished.

Grand Total: 388 creatures vanquished

Notes
Turn   | Place    | Note
-------+----------+-------------------------------------------
     0 | D:1      | nagnag the Minotaur Fighter began the quest for the Orb.
     0 | D:1      | Reached XP level 1. HP: 19/19 MP: 0/0
   187 | D:1      | Reached XP level 2. HP: 27/27 MP: 1/1
   264 | D:1      | Found a faded altar of an unknown god.
   491 | D:1      | Found Reuck's Jewellery Emporium.
   518 | D:1      | Reached skill level 1 in Dodging
   655 | D:1      | Reached XP level 3. HP: 33/33 MP: 2/2
   981 | D:2      | Reached skill level 3 in Axes
  1128 | D:2      | Reached XP level 4. HP: 37/40 MP: 3/3
  1188 | D:2      | Identified the +1 robe of Hairiness {rElec rPois}
  1443 | D:2      | Identified the +1 short sword "Qucoejex" {vamp, SInv}
  1665 | D:2      | Reached skill level 4 in Axes
  1811 | D:3      | Reached XP level 5. HP: 35/47 MP: 4/4
  1893 | D:3      | Found a glowing drain.
  1899 | Sewer    | Entered a sewer
  2152 | Sewer    | Reached skill level 5 in Axes
  2152 | Sewer    | Reached XP level 6. HP: 42/55 MP: 5/5
  2330 | D:3      | Found a white marble altar of Elyvilon.
  2342 | D:3      | Reached skill level 5 in Fighting
  2348 | D:3      | Identified the +2 chain mail "Pepne" {Str+6 Int-4 Dex-3}
  2430 | D:3      | Noticed Terence
  2438 | D:3      | Killed Terence
  2451 | D:3      | Identified the +2 gold dragon scales of the Equator
                  | {Rampage *Corrode rElec rPois rF+ rC+ SInv}
  2648 | D:3      | Found an opulent altar of Gozag.
  2648 | D:3      | Found a shimmering altar of Xom.
  2663 | D:3      | Became a worshipper of Gozag Ym Sagoz the Greedy
  2855 | D:4      | Reached skill level 6 in Axes
  3048 | D:4      | Reached XP level 7. HP: 61/61 MP: 6/6
  3121 | D:4      | Found a sand-covered staircase.
  3130 | Ossuary  | Entered an ossuary
  3232 | Ossuary  | Reached skill level 5 in Armour
  3455 | Ossuary  | Reached skill level 7 in Axes
  3483 | Ossuary  | Reached skill level 5 in Shields
  3752 | D:4      | Found a stormy altar of Qazlal.
  4027 | D:4      | Found Cohe's Jewellery Boutique.
  4319 | D:5      | Entered Level 5 of the Dungeon
  4365 | D:5      | Reached skill level 8 in Axes
  4365 | D:5      | Reached XP level 8. HP: 70/70 MP: 7/7
  4447 | D:5      | Got Lom Lobon's Volume of Portals
  4487 | D:5      | You fall into a shaft and drop 2 floors!
  4515 | D:7      | Found a runed translucent gate.
  4515 | D:7      | Found a runed translucent gate.
  4517 | D:7      | Found a runed translucent gate.
  4724 | D:6      | Reached skill level 9 in Axes
  5289 | D:5      | Found a shimmering blue altar of Sif Muna.
  5324 | D:5      | Reached XP level 9. HP: 78/78 MP: 8/8
  5820 | D:6      | Found a broken altar of Ashenzari.
  5892 | D:6      | Reached skill level 10 in Axes
  5945 | D:6      | Reached skill level 11 in Axes
  6121 | D:7      | Found Qitzun's Antique Weapon Shop.
  6122 | D:7      | Found a staircase to the Ecumenical Temple.
  6312 | D:7      | Reached XP level 10. HP: 82/88 MP: 9/9
  6333 | D:7      | Bought a runed war axe for 175 gold pieces
  6367 | D:7      | Identified the +4 long sword "Diru Hoy" {freeze, Int+3
                  | Dex+2}
  6374 | D:7      | Reached skill level 5 in Dodging
  6492 | D:7      | Noticed Jaike's ghost (novice DjCA)
  6685 | D:8      | Reached skill level 12 in Axes
  6952 | D:8      | Reached skill level 13 in Axes
  7133 | D:8      | Noticed Maggie
  7152 | D:8      | Killed Maggie
  7454 | D:9      | Noticed Joseph
  7479 | D:9      | Killed Joseph
  7653 | D:9      | Found a staircase to the Lair.
  7661 | D:9      | Reached XP level 11. HP: 97/97 MP: 10/10
  7673 | D:9      | Noticed a boulder beetle
  7707 | D:9      | Killed a boulder beetle
  7708 | D:9      | Reached skill level 14 in Axes
  8220 | D:10     | Entered Level 10 of the Dungeon
  8450 | D:10     | Noticed Josephine
  8450 | D:10     | Noticed a deep elf pyromancer
  8481 | D:10     | Killed Josephine
  8508 | D:10     | Killed a deep elf pyromancer
  8632 | D:10     | Noticed Erica
  8648 | D:10     | Killed Erica
  8855 | D:11     | Noticed Maurice
  8870 | D:11     | Maurice stole a ring of wizardry
  8883 | D:11     | Reached skill level 10 in Fighting
  8885 | D:11     | Killed Maurice
  8905 | D:11     | Noticed a two-headed ogre
  8919 | D:11     | Killed a two-headed ogre
  8920 | D:11     | Reached skill level 10 in Armour
  9144 | D:11     | Reached skill level 15 in Axes
  9319 | D:11     | Noticed Gastronok
  9347 | D:11     | Killed Gastronok
  9348 | D:11     | Reached XP level 12. HP: 108/108 MP: 11/11
  9371 | D:11     | Noticed Snorg
  9382 | D:11     | Killed Snorg
  9452 | D:12     | Found a staircase to the Orcish Mines.
  9620 | D:12     | Noticed a boulder beetle
  9641 | D:12     | Killed a boulder beetle
  9736 | D:12     | Noticed a boulder beetle
  9760 | D:12     | Killed a boulder beetle
  9922 | D:12     | Reached skill level 16 in Axes
 10026 | D:12     | Bought a pair of glowing gloves for 240 gold pieces
 10077 | D:13     | Reached skill level 1 in Stealth
 10127 | D:13     | Got Susk's Handbook of Combed Thunderclap
 10157 | D:13     | HP: 2/111 [enormous slime creature (27)]
 10160 | D:13     | Mangled by an enormous slime creature

Illustrated notes

Levels and vault maps discovered:
D:1:      lemuel_arrival_room, layout_basic, serial_shops, shop,
          dreamdust_ecumenical_altar_grove, nicolae_twisty_statue_hallways
D:2:      layout_loops_ring
D:3:      layout_basic, amcnicky_altar_gilded, nicolae_overflow_two_pavilions,
          gup_sewer_entry_bubbles, minmay_checkerbox, uniq_terence
D:4:      layout_basic, kennysheep_mini, chequers_ossuary_entry_cave,
          serial_shops, nicolae_inconvenience_store, grunt_decor_mini_mirrors,
          serial_bayou_lake_a
D:5:      layout_basic, mainiacjoe_overflow_six_doors_small
D:6:      layout_loops_ring, nicolae_ashenzari_panopticon, grunt_ministairs_12,
          minmay_misc_feat_secret_circle
D:7:      layout_rooms, minmay_temple_entry_trees, enter_bailey_2,
          ebering_ghost_rock_garden, serial_shops, shop, minmay_manual_mess
D:8:      layout_rooms, uniq_maggie
D:9:      layout_basic, hellmonk_lair_entry_icy, uniq_joseph
D:10:     layout_roguey, uniq_josephine, uniq_erica
D:11:     layout_cave_pools, uniq_maurice, uniq_snorg, uniq_gastronok
D:12:     layout_basic, hiddenorc2_lemuel
D:13:     gammafunk_corrupted_shrine, layout_stronghold, david_vaults_1,
          chequers_big_river, bh_hangedman_babel_library

Skill      XL: |  1  2  3  4  5  6  7  8  9 10 11 12 |
---------------+-------------------------------------+-----
Fighting       | 4 5 6 7 9 10 11 | 11.6
Shields        | 4 5 6 7 8 9 |  9.3
Dodging        | 1 2 3 4 6 7 |  7.7
Axes           | 3 4 5 6 8 9 11 13 15 16 | 16.2
Armour         | 4 5 6 8 10 11 | 11.3
Stealth        | 1 |  1.1
Throwing       | |  0.8

Action                     |  1- 3 |  4- 6 |  7- 9 | 10-12 || total
---------------------------+-------+-------+-------+-------++-------
  Melee: War axe           |    73 |   226 |   362 |   634 ||  1295
         Headbutt          |     7 |    25 |    85 |   141 ||   258
 Invoke: Call Merchant     |       |       |       |     1 ||     1
    Use: Scroll            |     2 |     6 |    10 |     6 ||    24
         Potion            |       |     1 |       |     6 ||     7
   Stab: Distracted        |       |       |     2 |     3 ||     5
 Armour: Scale mail        |    43 |    14 |       |       ||    57
         Chain mail        |       |    94 |       |       ||    94
         Gold dragon scale |       |    49 |   319 |   468 ||   836
  Dodge: Dodged            |    34 |    82 |    61 |    98 ||   275
  Block: Buckler           |    13 |    47 |    75 |   135 ||   270

Table legend: (Time is in decaauts)
 A = Elapsed time spent in this place.
 B = Non-inter-level travel time spent in this place.
 C = Inter-level travel time spent in this place.
 D = Time resting spent in this place.
 E = Time spent auto-exploring this place.
 F = Levels seen in this place.
 G = Mean time per level.
                   A        B        C        D        E       F      G
               +--------+--------+--------+--------+--------+-----+--------+
         Total |  10349 |   8489 |   1860 |    119 |   2759 |  15 |  689.9 |
       Dungeon |   9452 |   7592 |   1860 |     82 |   2581 |  13 |  727.1 |
         Sewer |    429 |    429 |      0 |      0 |    108 |   1 |  429.0 |
       Ossuary |    467 |    467 |      0 |     37 |     70 |   1 |  467.0 |
               +--------+--------+--------+--------+--------+-----+--------+

Top non-repeatable levels by time:
     D:4: 1309 daAuts
     D:1: 995 daAuts
     D:9: 950 daAuts
     D:6: 870 daAuts
     D:2: 811 daAuts
     D:3: 781 daAuts
     D:5: 661 daAuts
    D:10: 638 daAuts
     D:7: 620 daAuts
    D:12: 603 daAuts
     D:8: 563 daAuts
    D:11: 543 daAuts
 Ossuary: 467 daAuts
   Sewer: 429 daAuts
    D:13: 103 daAuts
